 Dungeon Crawl Stone Soup version 0.21.1-1-g345015fe64 (webtiles) character file.

549 Rrauwl the Cleaver (level 7, 0/59 HPs)
             Began as a Hill Orc Monk on Feb 7, 2018.
             Succumbed to an orc's poison
             ... on level 3 of the Dungeon.
             The game lasted 00:09:24 (3500 turns).

Rrauwl the Cleaver (Hill Orc Monk)                  Turns: 3500, Time: 00:09:25

Health: 0/59       AC:  6    Str: 15    XL:     7   Next: 28%
Magic:  5/7        EV:  7    Int: 10    God:
Gold:   16         SH:  0    Dex: 14    Spells: 6/6 levels left

rFire    . . .     SeeInvis .   o - +0 war axe
rCold    . . .     Gourm    .   (no shield)
rNeg     . . .     Faith    .   k - +0 chain mail
rPois    .         Spirit   +   (no helmet)
rElec    .         Reflect  .   i - scarf {Spirit}
rCorr    .         Harm     .   (no gloves)
MR       +....                  r - +0 pair of boots
Stlth    ..........             (no amulet)
HPRegen  0.19/turn              p - -3 ring of protection (curse)
MPRegen  0.10/turn              n - ring of protection from magic

@: lethally poisoned (0 -> -5), berserk cooldown, slowed, very slow
A: no striking features
a: no special abilities


You were on level 3 of the Dungeon.
You were not hungry.

You visited 1 branch of the dungeon, and saw 6 of its levels.

You collected 226 gold pieces.
You spent 210 gold pieces at shops.

Inventory:

Hand Weapons
 a - a +0 hand axe
 f - a +0 quarterstaff
 o - a +0 war axe (weapon)
Armour
 i - a scarf of spirit shield (worn)
 k - a +0 chain mail (worn)
 r - a +0 pair of boots (worn)
Jewellery
 e - an uncursed ring of magical power
 n - a ring of protection from magic (right hand)
 p - a cursed -3 ring of protection (left hand)
 u - an uncursed ring of protection from magic
Wands
 m - a wand of disintegration (2)
 s - a wand of flame (19)
Scrolls
 b - a scroll of immolation
 d - a scroll of noise {unknown}
 g - a scroll of identify
 j - 2 scrolls of teleportation
 l - a scroll of enchant armour
 q - a scroll of magic mapping
 t - a scroll of fog
Potions
 h - a potion of brilliance
Comestibles
 c - 8 rations


   Skills:
 - Level 4.0 Fighting
 + Level 9.7 Axes
 - Level 2.0 Armour
 - Level 3.0 Dodging
 - Level 1.5 Stealth


You had 6 spell levels left.
You didn't know any spells.

Dungeon Overview and Level Annotations

Branches:
Dungeon (6/15)
 Temple: D:4-7

Altars:
Ashenzari
Dithmenos
Elyvilon
Hepliaklqana
Nemelex Xobeh
Xom
Yredelemnul

Shops:
D:4 *

Annotations:
D:3 BrokenGlass's ghost, amateur OpFi


Message History

Autopickup is now on.
o - a war axe You are no longer berserk.
You pass out from exhaustion.
You feel yourself slow down.
* * * LOW HITPOINT WARNING * * *
You feel sick.
* * * LOW HITPOINT WARNING * * *
You feel sick.
You can move again.
Wield which item (- for none, * to show all)? (? for menu, Esc to quit)
You are already wielding that!
Wield which item (- for none, * to show all)? (? for menu, Esc to quit)
o - a +0 war axe (weapon)
* * * LOW HITPOINT WARNING * * *
You feel sick.
* * * LOW HITPOINT WARNING * * *
You feel sick.
You see here a leather armour.
You die...

#.#....[......#
#รท#
#.#.#......#..#
#.#
#.#.#....#.##.#
#.#######
#.#.#....#.##.#
#........
#.#.#..#.#.##.#
#########
#.#.#..#.#.##.#
#.#.#..#.#.##.#
#.#.#..#.#....#
#.#.#..#@######.#
#.#.#.<#[.).....#
#.#.#.###########
#.#.#.# #.#.#.#
#.#.#.# #.#.#.#
#.#...# #.#####


There were no monsters in sight!

Vanquished Creatures
  Grinder (D:3)
  A bullfrog (D:4)
  3 orc priests
  2 orc wizards
  A worker ant (D:4)
  3 adders
  3 worms
  4 dart slugs (D:1)
  4 leopard geckos
  13 orcs
  3 bats
  2 giant cockroaches
  6 goblins
  2 hobgoblins (D:1)
  5 jackals
  2 quokkas (D:4)
  3 frilled lizards
  9 kobolds
  4 rats
71 creatures vanquished.

Notes
Turn   | Place    | Note
-------+----------+-------------------------------------------
     0 | D:1      | Rrauwl the Hill Orc Monk began the quest for the Orb.
     0 | D:1      | Reached XP level 1. HP: 19/19 MP: 1/1
   161 | D:1      | Reached XP level 2. HP: 17/27 MP: 2/2
   251 | D:1      | Reached skill level 1 in Armour
   430 | D:1      | Reached XP level 3. HP: 33/33 MP: 3/3
   994 | D:2      | Found a hazy altar of Hepliaklqana.
  1215 | D:2      | Reached XP level 4. HP: 20/40 MP: 4/4
  1617 | D:2      | Reached skill level 5 in Axes
  1868 | D:3      | You fall through a shaft!
  1868 | D:4      | Found a shimmering altar of Xom.
  1868 | D:4      | Found a shimmering altar of Xom.
  1868 | D:4      | Found a shimmering altar of Xom.
  1868 | D:4      | Found a shimmering altar of Xom.
  1868 | D:4      | Found a shimmering altar of Xom.
  1884 | D:4      | Reached XP level 5. HP: 32/46 MP: 5/5
  2030 | D:4      | Reached skill level 6 in Axes
  2178 | D:4      | You fall through a shaft for 2 floors!
  2232 | D:5      | Entered Level 5 of the Dungeon
  2382 | D:5      | Noticed a sky beast
  2456 | D:4      | Reached skill level 7 in Axes
  2456 | D:4      | Reached XP level 6. HP: 19/52 MP: 3/6
  2767 | D:3      | Noticed Grinder
  2811 | D:3      | Reached skill level 8 in Axes
  2828 | D:3      | Found a shattered altar of Ashenzari.
  2828 | D:3      | Found a sparkling altar of Nemelex Xobeh.
  2833 | D:3      | Found a shadowy altar of Dithmenos.
  2835 | D:3      | Found a white marble altar of Elyvilon.
  2836 | D:3      | Found a basalt altar of Yredelemnul.
  2848 | D:3      | Killed Grinder
  2848 | D:3      | Reached skill level 9 in Axes
  2848 | D:3      | Reached XP level 7. HP: 12/59 MP: 5/7
  3109 | D:3      | Noticed BrokenGlass's ghost (amateur OpFi)
  3166 | D:4      | Found Adghu's General Store.
  3203 | D:4      | Bought a scroll of teleportation for 36 gold pieces
  3203 | D:4      | Bought a scroll of enchant armour for 90 gold pieces
  3203 | D:4      | Bought a potion of berserk rage for 60 gold pieces
  3203 | D:4      | Bought a scroll of fog for 24 gold pieces
  3498 | D:3      | HP: 2/59 [poisoned by an orc]
  3500 | D:3      | Succumbed to an orc's poison

Skill      XL: |  1  2  3  4  5  6 |
---------------+-------------------+-----
Armour         | 1 2 |  2.0
Fighting       | 4 |  4.0
Dodging        | 3 |  3.0
Axes           | 5 7 9 |  9.7
Stealth        | |  1.5

Action                   |  1- 3 |  4- 6 |  7- 9 || total
-------------------------+-------+-------+-------++-------
Melee: Hand axe          |   132 |   184 |    32 ||   348
Evoke: Wand              |       |     3 |     1 ||     4
  Use: Scroll            |     3 |     3 |       ||     6
       Potion            |     3 |     5 |     1 ||     9
 Stab: Sleeping          |     3 |       |       ||     3
  Eat: Chunk             |     1 |     6 |     2 ||     9
Armor: Robe              |     8 |       |       ||     8
       Ring mail         |    34 |       |       ||    34
       Chain mail        |       |    78 |    17 ||    95
Dodge: Dodged            |    99 |    62 |    11 ||   172
